 Dungeon Crawl Stone Soup version 0.29.1-13-g9f3cf754e1 (webtiles) character file.

Game seed: 15470100495316236156

24 cowcol the Chopper (level 2, 0/27 HPs)
             Began as a Minotaur Monk on Feb 2, 2023.
             Slain by a hobgoblin
             ... wielding a +0 spear
              (6 damage)
             ... on level 1 of the Dungeon.
             The game lasted 00:01:30 (479 turns).

cowcol the Chopper (Minotaur Monk)                   Turns: 479, Time: 00:01:30

Health: 0/27       AC:  2    Str: 15    XL:     2   Next: 79%
Magic:  1/1        EV: 13    Int:  7    God:
Gold:   54         SH:  0    Dex: 12    Spells: 1/1 levels left

rFire   . . .      SeeInvis .   a - +0 hand axe
rCold   . . .      Faith    .   (no shield)
rNeg    . . .      Spirit   .   b - +0 robe
rPois   .          Reflect  .   (helmet restricted)
rElec   .          Harm     .   (no cloak)
rCorr   .          Rampage  .   (no gloves)
Will    .....                   (no boots)
Stlth   ++........              (no amulet)
HPRegen 0.09/turn               (no ring)
MPRegen 0.07/turn               (no ring)

@: no status effects
A: horns 2, retaliatory headbutt
a: no special abilities


You were on level 1 of the Dungeon.
You visited 1 branch of the dungeon, and saw 1 of its levels.

You collected 54 gold pieces.

Inventory:

Hand Weapons
 a - a +0 hand axe (weapon)
 g - a +0 short sword
Missiles
 e - 7 stones (quivered)
Armour
 b - a +0 robe (worn)
Scrolls
 d - 2 scrolls of identify {unknown}
Potions
 c - a potion of ambrosia
 f - a potion of flight {unknown}


   Skills:
 + Level 4.0 Fighting
 + Level 4.2 Axes
 * Level 0.4 Armour
 + Level 3.5 Dodging
 + Level 1.7 Stealth


You had one spell level left.
You didn't know any spells.
Your spell library contained the following spells:

 Spells                   Type           Power      Damage    Failure   Level
 Ignite Poison            Fire/Tmut/Pois 0%         N/A       80%         3
 Mephitic Cloud           Conj/Pois/Air  0%         N/A       80%         3
 Freezing Cloud           Conj/Ice/Air   0%         6-21      100%        5


Dungeon Overview and Level Annotations

Branches:
Dungeon (1/15)

Altars:


Innate Abilities, Weirdness & Mutations

You have a pair of horns on your head.
You reflexively headbutt those who attack you in melee.


Message History

You kill the frilled lizard!
You see here a frilled lizard corpse.
Things that are here:
a +0 dagger; a kobold corpse You start resting.
HP restored.
A hobgoblin comes into view. It is wielding a +0 spear.
A frilled lizard comes into view.
The hobgoblin shouts!
The frilled lizard hisses angrily.
You hit the frilled lizard.
You kill the frilled lizard!
A quokka comes into view.
The hobgoblin hits you with a +0 spear!
You see here a frilled lizard corpse.
You hit the hobgoblin but do no damage.
You headbutt the hobgoblin, but do no damage.
The hobgoblin completely misses you. You furiously retaliate!
You headbutt the hobgoblin, but do no damage.
You hit the hobgoblin but do no damage. The hobgoblin misses you.
You furiously retaliate!
You headbutt the hobgoblin, but do no damage.
You barely miss the hobgoblin.
You headbutt the hobgoblin, but do no damage.
The hobgoblin hits you with a +0 spear!
You closely miss the hobgoblin. The hobgoblin closely misses you.
You hit the hobgoblin.
You headbutt the hobgoblin, but do no damage.
The hobgoblin is severely wounded.
The hobgoblin closely misses you.
You hit the hobgoblin but do no damage.
The hobgoblin is severely wounded.
The hobgoblin closely misses you.
You hit the hobgoblin but do no damage. Your headbutt misses the hobgoblin.
The hobgoblin is severely wounded.
The hobgoblin hits you with a +0 spear.
* * * LOW HITPOINT WARNING * * *
You barely miss the hobgoblin.
The hobgoblin is severely wounded.
The hobgoblin hits you with a +0 spear.
You die...

.....................#
........)†...........##
#.......†††).†.........
#.###...).......†.....
#.###............. #.#
#.......###### #.#
#.......# #.# #.......#
#@# #.......# #g#
#.......# .r. ####...
..... ....... .........
...........
.....#.......


You could see a quokka and a hobgoblin.

Vanquished Creatures
  3 ball pythons (D:1)
  An endoplasm (D:1)
  A giant cockroach (D:1)
  2 goblins (D:1)
  4 hobgoblins (D:1)
  4 kobolds (D:1)
  2 bats (D:1)
  4 frilled lizards (D:1)
  A rat (D:1)
22 creatures vanquished.

Notes
Turn   | Place    | Note
-------+----------+-------------------------------------------
     0 | D:1      | cowcol the Minotaur Monk began the quest for the Orb.
     0 | D:1      | Reached XP level 1. HP: 19/19 MP: 0/0
   174 | D:1      | Reached XP level 2. HP: 23/27 MP: 1/1
   479 | D:1      | Slain by a hobgoblin

Illustrated notes

Levels and vault maps discovered:
D:1:      dpeg_arrival_rooms_a, layout_basic,
          shapermc_ecumenical_altar_totnotflames, minmay_pentomino_z2

Skill      XL: |  1 |
---------------+----+-----
Fighting       | 4 |  4.0
Axes           | 4 |  4.2
Armour         | |  0.4
Dodging        | |  3.5
Stealth        | |  1.7

Action                   || total
-------------------------++-------
Melee: Hand axe          ||    45
       Headbutt          ||     6
       Punch             ||     1
Throw: Stone             ||     1
Armor: Robe              ||     8
Dodge: Dodged            ||    31
